 Dungeon Crawl Stone Soup version 0.30.0-15-g856e2d3f33 (webtiles) character file.

Game seed: 4455969462928667342

253 Pimp the Shooter (level 5, -1/41 HPs)
             Began as a Demonspawn Hunter on May 18, 2023.
             Slain by an orc priest
             ... wielding a +0 mace
              (2 damage)
             ... on level 3 of the Dungeon.
             The game lasted 00:03:05 (1888 turns).

Pimp the Shooter (Demonspawn Hunter)                Turns: 1888, Time: 00:03:05

Health: -1/41      AC: 12    Str: 11    XL:     5   Next: 90%
Magic:  5/5        EV: 13    Int: 11    God:
Gold:   108        SH:  0    Dex: 18    Spells: 4/4 levels left

rFire   . . .        a - +1 shortbow
rCold   . . .        (shield currently unavailable)
rNeg    + . .        c - +0 leather armour
rPois   .            (helmet restricted)
rElec   .            (no cloak)
rCorr   .            (no gloves)
SInv    .            (no boots)
Will    .....        (no amulet)
Stlth   ++           d - ring of positive energy
HPRegen 0.26/turn    (no ring)
MPRegen 0.09/turn

%: no passive effects
@: sanguine armoured
A: antennae 1, sanguine armour 2, demonic magic 1
a: no special abilities


You were on level 3 of the Dungeon.
You visited 1 branch of the dungeon, and saw 3 of its levels.

You collected 108 gold pieces.

Inventory:

Hand Weapons
 a - a +1 shortbow (weapon)
 j - a +0 short sword of speed
Armour
 c - a +0 leather armour (worn)
Jewellery
 d - a ring of positive energy (left hand)
 k - an amulet of regeneration
Wands
 i - a wand of flame (13)
Scrolls
 b - 2 scrolls of immolation
 g - a scroll of fog
 l - a scroll of teleportation
Potions
 h - a potion of degeneration {unknown}
 m - 2 potions of attraction {unknown}


   Skills:
 + Level 3.4 Fighting
 + Level 4.5 Ranged Weapons
 + Level 3.1 Dodging
 + Level 2.9 Stealth


You had 4 spell levels left.
You didn't know any spells.
Your spell library contained the following spells:

 Spells                   Type           Power      Damage    Failure   Level
 Shock                    Conj/Air       0%         1d3       43%         1
 Blink                    Tloc           0%         N/A       56%         2
 Lesser Beckoning         Tloc           0%         N/A       56%         2
 Momentum Strike          Conj/Tloc      0%         3d8       56%         2


Dungeon Overview and Level Annotations

Branches:
Dungeon (3/15)

Altars:

Shops:
D:2 *

Annotations:
D:2 Natasha
D:3 Ijyb


Innate Abilities, Weirdness & Mutations

You have a pair of small antennae on your head.
When seriously injured, your blood forms thick armour. (AC +9)
Spells you cast may paralyse adjacent enemies.


Message History

* * * LOW HITPOINT WARNING * * *
The adder bites you but does no damage.
You are too injured to fight recklessly!
It was a potion of heal wounds.
You feel much better.
Your blood armour dries and flakes away.
The adder barely misses you.
You feel better. The adder misses you.
You shoot an arrow. The arrow barely misses the adder.
The arrow hits the orc.
The orc is moderately wounded.
The adder closely misses you.
The orc priest calls down the wrath of Beogh upon you.
Beogh smites you!
Your blood congeals into armour.
The adder bites you.
You shoot an arrow. The arrow hits the adder.
The adder is almost dead.
The orc priest casts a cantrip, but nothing happens.
The adder misses you.
You shoot an arrow. The arrow closely misses the adder.
The arrow hits the orc but does no damage.
The orc is lightly wounded.
The adder bites you.
You are poisoned.
The adder poisons you! The adder closely misses you.
The orc priest calls upon Beogh to heal the orc.
The orc's wounds heal themselves!
You feel sick.
You shoot an arrow. The arrow hits the adder!
You kill the adder!
You feel sick.
The orc priest calls down the wrath of Beogh upon you.
Beogh smites you!
You feel sick.
You are no longer poisoned.
The orc priest invokes the aid of Beogh against you.
Beogh smites you!
* * * LOW HITPOINT WARNING * * *
You see here an adder corpse.
You shoot an arrow. The arrow barely misses the orc priest.
The arrow hits the orc but does no damage.
The orc priest hits you with a +0 mace.
You die...

#.# #.. #.# #.#
#.# #.# #.# #.#
# #.# #.# .# #.#
#.# #.. #.# #.#
{..
#.#####g##.##...
#....@oo)...)...
#############...


You could see Ijyb, an orc priest and an orc.

Vanquished Creatures
  Sigmund (D:2)
  3 adders
  2 worms (D:2)
  3 dart slugs (D:1)
  2 orcs (D:3)
  6 bats
  An endoplasm (D:2)
  2 giant cockroaches
  3 goblins
  5 hobgoblins
  6 jackals
  5 ball pythons
  6 kobolds
  5 rats
50 creatures vanquished.

Notes
Turn   | Place    | Note
-------+----------+-------------------------------------------
     0 | D:1      | Pimp the Demonspawn Hunter began the quest for the Orb.
     0 | D:1      | Reached XP level 1. HP: 16/16 MP: 1/1
    39 | D:1      | Reached skill level 1 in Stealth
   123 | D:1      | Gained mutation: When seriously injured, your blood forms
                  | armour. (AC +9) [demonic ancestry]
   123 | D:1      | Reached XP level 2. HP: 22/22 MP: 2/2
   309 | D:1      | Found a faded altar of an unknown god.
   323 | D:1      | Got Plato's Quarto of the Sky
   372 | D:1      | Gained mutation: You have a pair of small antennae on your
                  | head. [demonic ancestry]
   372 | D:1      | Reached XP level 3. HP: 28/28 MP: 3/3
   683 | D:2      | Reached skill level 4 in Ranged Weapons
   713 | D:2      | Noticed Sigmund
   718 | D:2      | Killed Sigmund
   719 | D:2      | Gained mutation: When seriously injured, your blood forms
                  | thick armour. (AC +9) [demonic ancestry]
   719 | D:2      | Reached XP level 4. HP: 29/35 MP: 4/4
   719 | D:2      | Gained mutation: Spells you cast may paralyse adjacent
                  | enemies. [demonic ancestry]
   719 | D:2      | Reached XP level 5. HP: 34/41 MP: 5/5
   805 | D:2      | Found Bonn's General Store.
  1028 | D:2      | Noticed Natasha
  1870 | D:3      | Noticed Ijyb
  1887 | D:3      | HP: 1/41 [orc priest/divine providence (12)]
  1888 | D:3      | Slain by an orc priest

Illustrated notes

Levels and vault maps discovered:
D:1:      scummos_arrival_simple_fountains, layout_loops_ring,
          shapermc_ecumenical_altar_rom_forum
D:2:      layout_basic, basic_altar, serial_shops,
          nicolae_shop_tiny_statue_garden, uniq_natasha, uniq_sigmund
D:3:      layout_loops_ring, serial_shops, shop, uniq_ijyb

Skill      XL: |  1  2  3 |
---------------+----------+-----
Stealth        | 1 2 |  2.9
Dodging        | 2 3 |  3.1
Ranged Weapons | 4 |  4.5
Fighting       | 3 |  3.4

Action                     |  1- 3 |  4- 6 || total
---------------------------+-------+-------++-------
   Fire: Shortbow          |    76 |    56 ||   132
    Use: Scroll            |     6 |     1 ||     7
         Potion            |       |     3 ||     3
 Armour: Leather armour    |     7 |    11 ||    18
  Dodge: Dodged            |    19 |    25 ||    44
